 Dungeon Crawl Stone Soup version 0.30-a0-913-g9934a0ce24 (webtiles) character file.

Game seed: 5646050032823931115

2 cheesebisquit the Chiller (level 1, -3/13 HPs)
             Began as a Merfolk Ice Elementalist on Mar 19, 2023.
             Killed from afar by a dart slug (5 damage)
             ... with a slug dart
             ... on level 1 of the Dungeon.
             The game lasted 00:00:33 (58 turns).

cheesebisquit the Chiller (Merfolk Ice Elementalist)  Turns: 58, Time: 00:00:33

Health: -3/13      AC:  2    Str:  8    XL:     1   Next: 30%
Magic:  3/3        EV: 12    Int: 14    God:
Gold:   21         SH:  0    Dex: 14    Spells: 3/4 levels left

rFire   . . .      SeeInvis .    (no weapon)
rCold   . . .      Faith    .    (no shield)
rNeg    . . .      Spirit   .    a - +0 robe
rPois   .          Reflect  .    (no helmet)
rElec   .          Rampage  .    (no cloak)
rCorr   .                        (no gloves)
Will    .....                    (no boots)
Stlth   ++                       (no amulet)
HPRegen 0.22/turn                (no ring)
MPRegen 0.08/turn                (no ring)

@: no status effects
A: (nimble swimmer 2), mertail
a: no special abilities


You were on level 1 of the Dungeon.
You visited 1 branch of the dungeon, and saw 1 of its levels.

You collected 21 gold pieces.

Inventory:

Armour
 a - a +0 robe (worn)


   Skills:
 - Level 2.6 Dodging
 - Level 2.1 Stealth
 + Level 2.0 Spellcasting
 + Level 4.4 Ice Magic


You had 3 spell levels left.
You knew the following spells:

 Your Spells              Type           Power      Damage    Failure   Level
a - Freeze                Ice            52%        1d6       3%          1

Your spell library contained the following spells:

 Spells                   Type           Power      Damage    Failure   Level
 Frozen Ramparts          Ice            26%        1d4       12%         3
 Ozocubu's Armour         Ice            13%        N/A       12%         3
 Summon Ice Beast         Ice/Summ       7%         N/A       67%         4


Dungeon Overview and Level Annotations

Branches:
Dungeon (1/15)

Altars:


Innate Abilities, Weirdness & Mutations

((You are very nimble when in or above water. (Stealth+, EV+, Speed+++)))
Your lower body shifts to a powerful aquatic tail in water.


Message History

The bat is heavily wounded.
The bat hits you but does no damage.
You freeze the bat.
You kill the bat!
Magic restored.
A quokka comes into view.
A bat comes into view.
The bat moves out of view.
A dart slug comes into view.
You hit the bat but do no damage. The bat hits you.
You can't see any susceptible monsters within range! (Use Z to cast anyway.)
The bat hits you.
You freeze the bat.
The bat is severely wounded.
The bat hits you but does no damage.
You freeze the bat!
You kill the bat!
The dart slug launches a dart at you. The slug dart hits you.
You see here a bat corpse.
You freeze the dart slug.
The dart slug is lightly wounded.
The dart slug closely misses you.
You are out of magic!
You don't have enough magic to cast this spell.
You don't have enough magic to cast this spell.
You hit the dart slug but do no damage.
The dart slug is lightly wounded.
The dart slug closely misses you.
You hit the dart slug but do no damage.
The dart slug is lightly wounded.
You hit the dart slug.
The dart slug is moderately wounded.
The quokka closely misses you. The dart slug bites you. The quokka bites you.
The quokka attacks as you move away! The quokka bites you.
* * * LOW HITPOINT WARNING * * *
Magic courses through your body. The dart slug launches a dart at you.
The slug dart hits you.
You die...

..... .... #.....
..#..# ###.....#
#...#. .......#
#...#.##.#..#
.##..........#
..(....##†w#.#
........r.#..###
........@##.#...
.......?..........
..................
..........########
...#.......## ##
#...##♣..# ♣..#
##.# ...# ##.# .#
#... ##.##


You could see a dart slug and a quokka.

Vanquished Creatures
  2 bats (D:1)
2 creatures vanquished.

Notes
Turn   | Place    | Note
-------+----------+-------------------------------------------
     0 | D:1      | cheesebisquit the Merfolk Ice Elementalist began the quest
                  | for the Orb.
     0 | D:1      | Reached XP level 1. HP: 13/13 MP: 3/3
    58 | D:1      | Killed from afar by a dart slug

Illustrated notes

Levels and vault maps discovered:
D:1:      spicycebolla_arrival_xxxplode, layout_rooms, minmay_door_square

Action                     || total
---------------------------++-------
  Melee: Unarmed           ||     6
   Cast: Freeze            ||     5
    Use: Potion            ||     1
 Armour: Robe              ||     4
  Dodge: Dodged            ||     9

Table legend: (Time is in decaauts)
 A = Elapsed time spent in this place.
 B = Non-inter-level travel time spent in this place.
 C = Inter-level travel time spent in this place.
 D = Time resting spent in this place.
 E = Time spent auto-exploring this place.
 F = Levels seen in this place.
 G = Mean time per level.
                   A        B        C        D        E       F      G
               +--------+--------+--------+--------+--------+-----+--------+
         Total |     58 |     58 |      0 |      0 |     32 |   1 |   58.0 |
       Dungeon |     58 |     58 |      0 |      0 |     32 |   1 |   58.0 |
               +--------+--------+--------+--------+--------+-----+--------+

Top non-repeatable levels by time:
     D:1: 58 daAuts
